[Event "*** Titled Tuesday 3|2 Blitz (Early)"]
[Site "Chess.com"]
[Date "2016.12.06"]
[Round "4"]
[White "ftorodent"]
[Black "fireheart92"]
[Result "1-0"]
[WhiteElo "2508"]
[BlackElo "2556"]
[TimeControl "180+2"]
[EndTime "11:48:11 PST"]
[Termination "ftorodent won by resignation"]

1. d4 Nf6 2. c4 c5 3. d5 g6 4. Nc3 Bg7 5. e4 O-O 6. Nf3 e6 7. Bd3 exd5 8. cxd5 d6 9. h3 Bd7 10. a4 Na6 11. O-O Nb4 12. Bf4 Qc7 13. Re1 Nh5 14. Bh2 Rfe8 15. Nb5 Bxb5 16. Bxb5 Red8 17.
Qd2 a6 18. Bc4 Rab8 19. e5 b5 20. axb5 axb5 21. exd6 Rxd6 22. Bb3 Qd8 23. Ra7 h6 24. Ree7 Nc6 25. dxc6 Rxd2 26. c7 Rd1+ 27. Ne1 Rxe1+ 28. Rxe1 c4 29. cxb8=Q Qxb8 30. Bxb8 cxb3 31. Re8+ Kh7 32. Rxf7 1-0

[Event "*** Titled Tuesday 3|2 Blitz (Early)"]
[Site "Chess.com"]
[Date "2016.12.06"]
[Round "4"]
[White "AdrianaNikolova"]
[Black "pKiLz5Rn9b"]
[Result "1-0"]
[WhiteElo "2250"]
[BlackElo "2488"]
[TimeControl "180+2"]
[EndTime "11:48:12 PST"]
[Termination "AdrianaNikolova won by resignation"]

1. e4 d6 2. d4 g6 3. Nc3 Bg7 4. Be3 a6 5. a4 h6 6. h3 b6 7. g4 Bb7 8. Bg2 Nd7 9. Nge2 e6 10. Qd2 Ne7 11. O-O d5 12. e5 c5 13. f4 Rc8 14.
Ng3 cxd4 15. Bxd4 g5 16. Nh5 Bf8 17. fxg5 Nc6 18. Qf4 Qe7 19. Nxd5 exd5 20. e6 Nxd4 21. Qxd4 Qc5 22. exd7+ Kxd7 23. c3 Be7 24. Rxf7 hxg5 25. Re1 Rce8 26. Nf6+ Kd6 27. Ne4+ Kc6 28. Nxc5 Bxc5 29.
Bxd5+ Kd6 30. Rf6+ Kd7 31. Qxc5 bxc5 32. Rxe8 Rxe8 33.
Bxb7 Rb8 34. Bxa6 Rxb2 35. Bb5+ Ke7 36. Rf5 Rb1+ 37. Kf2 Rb2+ 38. Kf3 Ke6 39. Rxg5 Rc2 40.
Rxc5 Kd6 41. Rc6+ Kd5 42. g5 Rh2 43. Kg3 Rh1 44. h4 Rg1+ 45. Kf4 Rf1+ 46. Kg4 Rg1+ 47. Kh5 Rh1 48. g6 Rg1 49. Kh6 Rg4 50. h5 1-0

[Event "*** Titled Tuesday 3|2 Blitz (Early)"]
[Site "Chess.com"]
[Date "2016.12.06"]
[Round "4"]
[White "viktorskliarov"]
[Black "Izoria123"]
[Result "0-1"]
[WhiteElo "2439"]
[BlackElo "2558"]
[TimeControl "180+2"]
[EndTime "11:48:14 PST"]
[Termination "Izoria123 won by resignation"]

1. e4 c5 2. Nf3 d6 3. d4 cxd4 4.
Qxd4 a6 5. Be3 Nf6 6. Nc3 e6 7. O-O-O Nc6 8. Qd2 Qc7 9. Bf4 Ng4 10. h3 Nge5 11.
Nd4 Be7 12. g4 O-O 13. Bg3 b5 14. f4 Nxd4 15. Qxd4 Nc6 16. Qf2 b4 17. Na4 Rb8 18. Kb1 e5 19. f5 Nd4 20. Rxd4 exd4 21. b3 Bf6 22. Bd3 Re8 23. Nb2 Bb7 24. Nc4 Rbd8 25.
Re1 Qc5 26. Nd2 Be5 27. g5 d5 28. Bxe5 Rxe5 29. Nf3 Rxe4 30. Bxe4 dxe4 31. Nh4 e3 32. Qf4 Rc8 33. Rc1 Qc3 34. g6 d3 35. gxf7+ Kxf7 0-1

[Event "*** Titled Tuesday 3|2 Blitz (Early)"]
[Site "Chess.com"]
[Date "2016.12.06"]
[Round "4"]
[White "saraswathii"]
[Black "Enzy63"]
[Result "1/2-1/2"]
[WhiteElo "2175"]
[BlackElo "2020"]
[TimeControl "180+2"]
[EndTime "11:48:19 PST"]
[Termination "Game drawn by repetition"]

1. e4 c5 2. Nf3 d6 3. d3 g6 4. g3 Bg7 5. Bg2 Nc6 6. O-O e5 7. c3 Nge7 8. a3 O-O 9. b4 b6 10.
b5 Na5 11. c4 h6 12. Bb2 Be6 13. Nh4 g5 14. Nf3 f5 15. exf5 Nxf5 16. Nbd2 Qd7 17. Ne4 Nb7 18. Qe2 Rae8 19. a4 Nd4 20. Nxd4 exd4 21.
Rfe1 d5 22. cxd5 Bxd5 23. Qh5 Bf7 24. Qd1 Nd6 25. Nd2 Bg6 26. Rxe8 Rxe8 27. Bc6 Qe7 28.
Bxe8 Qxe8 29. Qf3 Nf7 30. Nc4 Qe6 31. Rd1 g4 32. Qa8+ Kh7 33. Qg2 Ng5 34. Qf1 Nf3+ 35. Kh1 Qd5 36. Qg2 Qe6 37. Qf1 Qd5 38. Qg2 Qe6 39.
Qf1 Qd5 40. Qg2 Qe6 41. Qf1 Qd5 1/2-1/2

[Event "*** Titled Tuesday 3|2 Blitz (Early)"]
[Site "Chess.com"]
[Date "2016.12.06"]
[Round "4"]
[White "renanreis"]
[Black "akinov-akinseye"]
[Result "0-1"]
[WhiteElo "1959"]
[BlackElo "1871"]
[TimeControl "180+2"]
[EndTime "11:48:33 PST"]
[Termination "akinov-akinseye won by checkmate"]

1. d4 Nf6 2. Bf4 c5 3. e3 e6 4. Nf3 Nc6 5. c3 d5 6. Bd3 Nh5 7. Bg5 Qb6 8. b3 h6 9. Bh4 cxd4 10. exd4 Bd6 11. O-O Qc7 12. Nbd2 g5 13. Bg3 Nxg3 14. fxg3 f5 15. Qe2 O-O 16. Rae1 g4 17. Ne5 Nxe5 18. dxe5 Be7 19. c4 d4 20. h3 h5 21. Kh2 b6 22.
Qf2 Bb4 23. Re2 Bb7 24. Qf4 Qg7 25. Qxd4 Rad8 26. Qe3 Bc5 27. Qf4 Rxd3 28. Nb1 h4 29. gxh4 Bxg2 30. Rxg2 Rxh3# 0-1

[Event "*** Titled Tuesday 3|2 Blitz (Early)"]
[Site "Chess.com"]
[Date "2016.12.06"]
[Round "4"]
[White "jup1978"]
[Black "GMKrikor"]
[Result "0-1"]
[WhiteElo "2256"]
[BlackElo "2523"]
[TimeControl "180+2"]
[EndTime "11:48:37 PST"]
[Termination "GMKrikor won by resignation"]

1. e4 c5 2. Nf3 d6 3. d4 cxd4 4.
Nxd4 Nf6 5. Nc3 a6 6. Be3 e6 7.
Be2 Be7 8. Qd2 Nc6 9. g4 d5 10. exd5 Nxd5 11. Nxc6 bxc6 12. Nxd5 cxd5 13. Bf3 O-O 14.
O-O Qc7 15. Bf4 Qc5 16. Rac1 Rd8 17. Rfd1 Bb7 18. Be3 Qc7 19. Bf4 e5 20. Bg3 Rac8 21. c3 h6 22. h3 Bg5 23. Qe2 Bxc1 24. Rxc1 f6 25. h4 d4 26. g5 d3 27. Qe3 d2 28.
Rd1 Bxf3 29. Qxf3 hxg5 30. hxg5 Qc6 31. Qh5 fxg5 32. Qxg5 Qf6 33. Qe3 Qd6 34. Bxe5 Qd3 35. Qg5 Rd7 36. Bd4 Re8 37. Rxd2 Re1+ 38. Kg2 Qf1+ 39. Kf3 Rf7+ 40. Kg4 Qg2+ 41. Kh5 Rh1+ 0-1

[Event "*** Titled Tuesday 3|2 Blitz (Early)"]
[Site "Chess.com"]
[Date "2016.12.06"]
[Round "4"]
[White "rubhani"]
[Black "stefanodinn"]
[Result "1-0"]
[WhiteElo "2411"]
[BlackElo "2184"]
[TimeControl "180+2"]
[EndTime "11:48:40 PST"]
[Termination "rubhani won on time"]

1. e4 c5 2. a3 e6 3. Nf3 Nc6 4. b4 cxb4 5. axb4 Bxb4 6. Bb2 Nf6 7.
e5 Nd5 8. c3 Be7 9. c4 Nc7 10.
d4 d5 11. exd6 Bxd6 12. Bd3 Nb4 13. Be4 f5 14. Bc2 Nxc2+ 15. Qxc2 O-O 16. O-O Bd7 17. Qc3 Ne8 18. d5 exd5 19. cxd5 Rc8 20. Qb3 Qb6 21. Qxb6 axb6 22. Ra7 Bb5 23. Rd1 Ba6 24. Ba3 h6 25.
Nd4 Bxa3 26. Nxa3 Nd6 27. f3 Rfe8 28. Ne6 Rc3 29. Nb1 Rc2 30. Nd2 Nb5 31. Rxa6 bxa6 32. Nb3 a5 33. d6 a4 34. d7 1-0

[Event "*** Titled Tuesday 3|2 Blitz (Early)"]
[Site "Chess.com"]
[Date "2016.12.06"]
[Round "4"]
[White "Harbuzi01"]
[Black "biostatistician"]
[Result "1-0"]
[WhiteElo "2699"]
[BlackElo "2471"]
[TimeControl "180+2"]
[EndTime "11:48:49 PST"]
[Termination "Harbuzi01 won on time"]

1. e4 e6 2. b3 d5 3. Bb2 Nf6 4. Nc3 c5 5. exd5 Nxd5 6. d4 Nc6 7. dxc5 Bxc5 8. Ne4 Bb4+ 9. c3 Be7 10. Nf3 O-O 11.
Bc4 Nf6 12. Nxf6+ Bxf6 13. O-O b6 14. Qc2 Bb7 15. Rad1 Qc7 16. Bd3 h6 17. Be4 Rad8 18.
Qe2 Rxd1 19. Rxd1 Rd8 20. h3 Rxd1+ 21. Qxd1 Qd8 22. Qe2 Na5 23. Bxb7 Nxb7 24. Ne5 Nc5 25. c4 Qd6 26. Ng4 Bxb2 27. Qxb2 f5 28. Ne5 Qd1+ 29.
Kh2 Ne4 30. b4 Nd2 31. c5 f4 32. h4 h5 33. Nf3 Nxf3+ 34. gxf3 Qxf3 35. Qd4 Qg4 36. Qd8+ Kh7 37. Qg5 Qf3 38. Qg2 Qc3 39. Qe4+ g6 40. c6 b5 41. Qxe6 Qc2 42. Qe7+ Kh6 43.
Qc5 1-0

[Event "*** Titled Tuesday 3|2 Blitz (Early)"]
[Site "Chess.com"]
[Date "2016.12.06"]
[Round "4"]
[White "Gabrielian_Artur"]
[Black "DanielNaroditsky"]
[Result "0-1"]
[WhiteElo "2578"]
[BlackElo "2699"]
[TimeControl "180+2"]
[EndTime "11:48:55 PST"]
[Termination "DanielNaroditsky won by resignation"]

1. e4 e5 2. Nf3 Nc6 3. Bc4 Bc5 4.
O-O Nf6 5. d3 a6 6. c3 Ba7 7. a4 d6 8. Bg5 h6 9. Bh4 g5 10. Bg3 Bg4 11. Nbd2 h5 12. h4 gxh4 13.
Bxh4 Rh6 14. Qb3 Qd7 15. Qxb7 Rb8 16. Qxa6 Rb6 17. Qxb6 Bxb6 18. b4 Rg6 19. Ng5 d5 20. exd5 Nxd5 21. a5 Ba7 22. b5 Nd8 23. Nde4 f5 24.
Ng3 Nxc3 25. Rfe1 Qd4 26. Kh2 Be2 27. N5e4 fxe4 28. b6 cxb6 29. Nf5 Qd7 30. dxe4 Bxc4 31. Ra3 Nb5 32. Ra4 Be6 33. axb6 Bxb6 34. Ra8 Bxf5 35. exf5 Rxg2+ 36. Kxg2 Qd5+ 0-1

[Event "*** Titled Tuesday 3|2 Blitz (Early)"]
[Site "Chess.com"]
[Date "2016.12.06"]
[Round "4"]
[White "alturas_pacificas"]
[Black "Kawhi_Leonard2"]
[Result "0-1"]
[WhiteElo "2159"]
[BlackElo "2228"]
[TimeControl "180+2"]
[EndTime "11:48:58 PST"]
[Termination "Kawhi_Leonard2 won by resignation"]

1. d4 Nf6 2. Bf4 d6 3. e3 g6 4. Nf3 Bg7 5. Be2 O-O 6. O-O b6 7. h3 Bb7 8. Bh2 Nbd7 9. c4 Qe8 10. Nc3 a6 11. b4 e5 12. Rc1 Qe7 13. Nd5 Bxd5 14. cxd5 e4 15. Nd2 Rfc8 16. Qb3 b5 17.
Rc6 Nb6 18. Bxd6 cxd6 19. Rxb6 Rc7 20. Rc6 Rxc6 21. dxc6 d5 22. a4 Bf8 23. Rc1 Qxb4 24.
Qxb4 Bxb4 25. c7 Rc8 26. axb5 axb5 27. Bxb5 Bxd2 28. Rc6 Ne8 29. Rc2 Nxc7 30. Bd7 Rb8 31. Rxc7 Rb1+ 32. Kh2 Be1 33. Be8 Bxf2 34. Bxf7+ Kh8 35.
Bxd5 Bxe3 36. Bxe4 Bf4+ 0-1

[Event "*** Titled Tuesday 3|2 Blitz (Early)"]
[Site "Chess.com"]
[Date "2016.12.06"]
[Round "4"]
[White "SmoothAsAHedgehog"]
[Black "GM_Donatello"]
[Result "0-1"]
[WhiteElo "2497"]
[BlackElo "2575"]
[TimeControl "180+2"]
[EndTime "11:49:02 PST"]
[Termination "GM_Donatello won by resignation"]

1. Nf3 c5 2. c4 Nf6 3. g3 Nc6 4.
Nc3 g6 5. Bg2 d6 6. O-O Bg7 7. d4 cxd4 8. Nxd4 Bd7 9. b3 O-O 10.
Bb2 Qa5 11. Nc2 Rfc8 12. Qd2 Rab8 13. Rfd1 a6 14. Nd5 Qxd2 15. Rxd2 Nxd5 16. Bxg7 Kxg7 17. cxd5 Ne5 18. Nd4 Rc5 19. h3 g5 20. e3 Rbc8 21.
f4 Rc1+ 22. Rxc1 Rxc1+ 23. Kf2 gxf4 24. exf4 Ng6 25. h4 h5 26. Bf3 Kh6 27. Ne2 Rc8 28. Nd4 Nf8 29. Re2 Re8 30. Be4 Kg7 31. Ke3 Nh7 32. Bf3 Nf6 33. Kd2 Kf8 34. Re1 Rc8 35.
Nc2 Bg4 36. Bxg4 Nxg4 37. Re2 Rc5 38. Ne3 Nxe3 39. Kxe3 Rxd5 40. Rc2 Rc5 41. Rd2 Kg7 42. b4 Rc3+ 43. Kf2 f5 44. b5 axb5 45. Rd5 Rc5 46. Rd2 Kf6 47. Rb2 Ke6 48. Re2+ Kd7 49. Rd2 Kc6 50. Re2 e5 51. Rd2 b4 52. fxe5 dxe5 53.
Rb2 Kb5 54. Rd2 Ka4 55. Rd7 Rc2+ 56. Kf3 Rxa2 57. Rxb7 b3 58. Ra7+ Kb4 59. Rb7+ Kc3 60. Rc7+ Kd2 61. Rd7+ Kc1 62. Rb7 Ra3 63. Kf2 b2 64.
Rc7+ Kb1 65. Rc5 Ka2 66. Rb5 b1=Q 67. Rxb1 Kxb1 0-1

[Event "*** Titled Tuesday 3|2 Blitz (Early)"]
[Site "Chess.com"]
[Date "2016.12.06"]
[Round "4"]
[White "Ind1anStar"]
[Black "Sethu0025"]
[Result "0-1"]
[WhiteElo "2163"]
[BlackElo "2607"]
[TimeControl "180+2"]
[EndTime "11:49:03 PST"]
[Termination "Sethu0025 won by resignation"]

1. d4 Nf6 2. c4 e6 3. Nf3 d5 4. Nc3 c6 5. e3 Nbd7 6. Qc2 Bd6 7. g4 h6 8. Rg1 dxc4 9. Bxc4 b5 10. Bd3 Bb7 11. Ne4 Nxe4 12. Bxe4 Rc8 13. Bd2 a6 14. h4 Nf6 15. g5 hxg5 16. hxg5 Nxe4 17. Qxe4 Qe7 18. g6 f5 19. Qd3 c5 20.
Ne5 cxd4 21. Nf7 Rh4 22. exd4 Re4+ 23. Kd1 Rg4 24. Ke2 Bd5 25. b3 Re4+ 26. Kd1 Rg4 27. Ke2 Bh2 28. Rxg4 fxg4 29. Rc1 Rxc1 30. Bxc1 Qc7 31.
Bd2 Bf3+ 32. Ke1 Bf4 33. Bxf4 Qxf4 34. Qe3 Qxe3+ 35. fxe3 g3 36. Ne5 Be4 37. Kf1 Ke7 38. Ke2 a5 39. Nf3 g2 40. Ng1 b4 41. Kf2 Kf6 42.
Ne2 Kxg6 43. Nf4+ Kf5 44. Nxg2 Bxg2 45. Kxg2 Ke4 46. Kf2 g5 47. Ke2 g4 48. Kf2 g3+ 0-1

[Event "*** Titled Tuesday 3|2 Blitz (Early)"]
[Site "Chess.com"]
[Date "2016.12.06"]
[Round "4"]
[White "Alexander_Moskalenko"]
[Black "Keaton87"]
[Result "1-0"]
[WhiteElo "2653"]
[BlackElo "2472"]
[TimeControl "180+2"]
[EndTime "11:49:14 PST"]
[Termination "Alexander_Moskalenko won by resignation"]

1. e4 c5 2. Nf3 d6 3. Bb5+ Nc6 4.
O-O Bd7 5. Re1 g6 6. c3 Bg7 7. d4 cxd4 8. cxd4 Qb6 9. Bxc6 bxc6 10. h3 Nf6 11. Nc3 O-O 12. b3 Rfd8 13. Be3 Qb7 14. Qc2 d5 15. e5 Bf5 16. Qc1 Ne4 17. Nxe4 Bxe4 18. Nd2 Bd3 19. Qc3 Bf5 20. Rac1 Rac8 21. b4 a5 22. bxa5 c5 23. dxc5 d4 24. Bxd4 Be6 25.
Nb3 Bd5 26. f3 g5 27. Be3 h6 28. Red1 e6 29. Bf2 h5 30. Qe3 g4 31. hxg4 hxg4 32.
fxg4 Bxg2 33. Nd4 Bd5 34. c6 Qb2 35. Rc2 Qb4 36. Rdc1 Qxa5 37. Bh4 Re8 38. Bf6 Qb6 39. Qg5 Qxd4+ 40. Rf2 1-0

[Event "*** Titled Tuesday 3|2 Blitz (Early)"]
[Site "Chess.com"]
[Date "2016.12.06"]
[Round "4"]
[White "NewBornNow"]
[Black "Aygehovit1992"]
[Result "1-0"]
[WhiteElo "2582"]
[BlackElo "2453"]
[TimeControl "180+2"]
[EndTime "11:49:20 PST"]
[Termination "NewBornNow won by resignation"]

1. e4 g6 2. d4 Bg7 3. Nf3 d6 4.
Bd3 e5 5. c3 Nc6 6. Be3 Nf6 7.
Nbd2 O-O 8. O-O Ng4 9. Bg5 f6 10. Bh4 h5 11. h3 Nh6 12. dxe5 Nxe5 13. Nxe5 dxe5 14. Nc4 Nf7 15. Ne3 Be6 16. Qe2 c6 17. Rad1 Qe7 18. g4 hxg4 19. hxg4 Ng5 20. Bxg5 fxg5 21. Bc4 Rf4 22. f3 Raf8 23. Kg2 b5 24.
Bxe6+ Qxe6 25. a3 Bf6 26. Qd3 Bd8 27. Qd7 Qxd7 28. Rxd7 Bb6 29. Nc2 R4f7 30. Rxf7 Kxf7 31. Nb4 Rc8 32. Rh1 a5 33. Nd3 Rd8 34. Rd1 Kf6 35.
b3 a4 36. bxa4 bxa4 37. Nb2 Rxd1 38. Nxd1 Bc5 39. Nb2 Bxa3 40. Nxa4 Ke6 41. Kf2 Kd6 42. Ke2 Bc5 43. Nb2 Bg1 44. Nc4+ Ke6 45. Kd3 Bh2 46. Kc2 Kd7 47. Kb3 c5 48. Ne3 Kc6 49. Kc4 Bf4 50. Nd5 Kd6 51. Nxf4 gxf4 52. Kb5 c4 53. Kxc4 1-0

[Event "*** Titled Tuesday 3|2 Blitz (Early)"]
[Site "Chess.com"]
[Date "2016.12.06"]
[Round "4"]
[White "Dlugy"]
[Black "Jungle_Jaguar"]
[Result "1-0"]
[WhiteElo "2623"]
[BlackElo "2408"]
[TimeControl "180+2"]
[EndTime "11:49:21 PST"]
[Termination "Dlugy won by checkmate"]

1. d4 Nf6 2. Bf4 d5 3. e3 Bf5 4. c4 e6 5. Nc3 Bd6 6. Bg5 c6 7. Qb3 Qc8 8. Bxf6 gxf6 9. Rc1 Qd7 10. Nf3 Be4 11. Nxe4 dxe4 12. Nd2 f5 13. c5 Be7 14. f3 exf3 15. Nxf3 Qc7 16. Bd3 Nd7 17. O-O O-O 18.
e4 fxe4 19. Bxe4 Nf6 20. Bb1 Nd5 21. Ne5 f5 22. Rce1 Bf6 23. Bd3 Rae8 24. Bc4 Kh8 25. Re2 Rg8 26. Qf3 Re7 27. Bxd5 cxd5 28. b4 Bxe5 29.
Rxe5 Rg4 30. Rfe1 Qd7 31. Qc3 Re4 32. R1xe4 fxe4 33. h3 Rf7 34. Qg3 Qe8 35. Rg5 Qf8 36. Qe5+ Rf6 37. b5 h6 38. Rg6 Kh7 39. Rxf6 Qg7 40. Qxe6 Qg5 41. Rf7+ Kg8 42. Qe8# 1-0

[Event "*** Titled Tuesday 3|2 Blitz (Early)"]
[Site "Chess.com"]
[Date "2016.12.06"]
[Round "4"]
[White "Er_is_geen_hoop_meer"]
[Black "Hieronymus00"]
[Result "1/2-1/2"]
[WhiteElo "2272"]
[BlackElo "2119"]
[TimeControl "180+2"]
[EndTime "11:49:22 PST"]
[Termination "Game drawn by agreement"]

1. e4 e5 2. Nf3 Nc6 3. Bc4 Nf6 4. d3 Bc5 5. O-O a6 6. c3 Ba7 7. h3 d6 8. Re1 h6 9. Nbd2 g5 10. Bb3 Rg8 11. Nh2 h5 12. Ndf1 g4 13.
hxg4 hxg4 14. Be3 Qe7 15. Bxa7 Nxa7 16. Ng3 Bd7 17. d4 O-O-O 18. a4 Rg6 19. Nf5 Qf8 20. Qd2 Nxe4 21. Rxe4 Bxf5 22. Re3 Qh6 23. Nf1 Rh8 24. Ng3 Nc6 25. Bxf7 Rg7 26. Bd5 Ne7 27. dxe5 Nxd5 28. Qxd5 Be6 29. Qd4 dxe5 30. Rxe5 Rd7 31. Qe4 Bf7 32.
Kf1 Rhd8 33. Re1 Bg6 34. Qe3 Bd3+ 35. Kg1 Rh7 36. Qxh6 Rxh6 37. Rh5 Rb6 38. b4 Rc6 39.
Rg5 Rxc3 40. Rxg4 Ra3 41. a5 Rc3 42. Nh5 Rc4 43. Rxc4 Bxc4 44. f4 Rd2 45. f5 Bd5 46. Nf4 Bc6 47. f6 Rd7 48. Re8+ Rd8 49. Rxd8+ Kxd8 50. Ne6+ Ke8 51. Nxc7+ Kf7 52. Kf2 Kxf6 53. g3 Ke7 54. Ke3 Kd6 55. Na8 Bd7 56. Kd4 Kc6 57. Nb6 Be6 58. Na8 Bd7 59. Nb6 Be6 60. Na4 Kb5 61. Nc3+ Kxb4 62. Ne4 Kxa5 63. Nc5 Bc8 64. Kc4 Kb6 65. Kb4 Kc6 66. Nd3 b6 67. Ne5+ Kd5 68.
Ng6 Bd7 69. Ne7+ Ke6 70. Ng6 Kf5 71. Nf4 Kg4 72. Nd5 Kxg3 73. Nxb6 Bb5 74. Ka5 Bf1 1/2-1/2

[Event "*** Titled Tuesday 3|2 Blitz (Early)"]
[Site "Chess.com"]
[Date "2016.12.06"]
[Round "4"]
[White "theprosecution1"]
[Black "Apocalyps999"]
[Result "1-0"]
[WhiteElo "2525"]
[BlackElo "2386"]
[TimeControl "180+2"]
[EndTime "11:49:26 PST"]
[Termination "theprosecution1 won by resignation"]

1. e4 e5 2. Nf3 Nc6 3. Bb5 a6 4.
Ba4 Nf6 5. O-O Be7 6. d3 b5 7. Bb3 d6 8. a3 O-O 9. Nc3 Na5 10.
Ba2 Be6 11. b4 Bxa2 12. Rxa2 Nc6 13. Ne2 Qd7 14. Ng3 g6 15. Bh6 Rfe8 16. h3 Bf8 17. Bg5 Bg7 18. c3 h6 19. Be3 a5 20. Qd2 Kh7 21.
Re1 Qe6 22. Rc2 Qb3 23. c4 axb4 24. cxb5 Na7 25. Rb2 Qc3 26. Qxc3 bxc3 27. Rb3 d5 28. Bxa7 Rxa7 29. Rxc3 d4 30. Rc6 Re7 31. Rec1 Ne8 32. Ra6 Rxa6 33. bxa6 Re6 34. a4 Rxa6 35. Rc4 Nd6 36.
Rxc7 Rxa4 37. Rd7 Ra6 38. h4 Bf6 39. h5 g5 40. Nh2 Ra1+ 41. Ngf1 Ra6 42. Ng4 Kg7 43.
Ng3 Ne8 44. Nf5+ Kf8 45. Ngxh6 Be7 46. Rxe7 Rxh6 47. Rxe8+ 1-0

[Event "*** Titled Tuesday 3|2 Blitz (Early)"]
[Site "Chess.com"]
[Date "2016.12.06"]
[Round "4"]
[White "Iball95"]
[Black "Fandorine"]
[Result "0-1"]
[WhiteElo "2487"]
[BlackElo "2629"]
[TimeControl "180+2"]
[EndTime "11:49:27 PST"]
[Termination "Fandorine won by resignation"]

1. e4 c6 2. Nc3 d5 3. Nf3 Bg4 4.
h3 Bxf3 5. Qxf3 e6 6. d4 dxe4 7.
Qxe4 Nf6 8. Qd3 Na6 9. a3 Qa5 10. Be2 Nb4 11. Qd2 Nbd5 12. Nxd5 Qxd2+ 13. Bxd2 exd5 14. O-O-O Bd6 15. Rhe1 Kd7 16. Bd3 Rae8 17. Rxe8 Rxe8 18. Re1 Rxe1+ 19. Bxe1 g6 20. Kd1 Ke6 21. g4 Ne4 22. Ke2 f5 23. f3 Ng5 24. h4 Nh3 25. Bd2 Bg3 26. h5 Ng1+ 27. Kf1 Nxf3 28. hxg6 hxg6 29. gxf5+ gxf5 30. Bc3 Bf4 31. Ke2 Ng5 32. Be1 Ne4 33. a4 Bc1 34. b3 Bb2 35. Bxe4 dxe4 36.
c3 Bc1 37. Bh4 Bh6 38. Bd8 f4 39. Bc7 f3+ 40. Kf2 Kf5 41. c4 Bf4 42. Ba5 Kg4 43. d5 cxd5 44. cxd5 e3+ 45. Ke1 Bg3+ 46. Kf1 e2+ 47.
Kg1 f2+ 0-1

[Event "*** Titled Tuesday 3|2 Blitz (Early)"]
[Site "Chess.com"]
[Date "2016.12.06"]
[Round "4"]
[White "AungTZ"]
[Black "RaphaeI"]
[Result "0-1"]
[WhiteElo "2098"]
[BlackElo "2249"]
[TimeControl "180+2"]
[EndTime "11:49:30 PST"]
[Termination "RaphaeI won by resignation"]

1. e4 e6 2. d4 d5 3. Nc3 Nf6 4.
Bg5 Bb4 5. e5 h6 6. Bd2 Bxc3 7.
bxc3 Ne4 8. Bd3 Nxd2 9. Qxd2 c5 10. dxc5 Qa5 11. Ne2 Nc6 12. Qe3 d4 13. Qg3 O-O 14.
O-O dxc3 15. Rae1 Qxc5 16. Nxc3 Bd7 17. Nb5 Nb4 18. Nd6 Bc6 19. Kh1 Rad8 20. f4 Nxd3 21.
cxd3 Qd5 22. Re3 f6 23. Rg1 Qxa2 24. Qh3 fxe5 25. fxe5 Qd5 26. Ree1 Rf4 27. Qg3 Rdf8 28. Re2 Rf1 29. Ne4 Rxg1+ 30. Kxg1 Qd4+ 31. Qe3 Qxe3+ 32. Rxe3 Bxe4 33. Rxe4 a5 34. h3 Ra8 35. Ra4 b5 36. Ra1 a4 37. Kf2 b4 38. Ke3 a3 39. Kd2 Rc8 40. d4 Kf7 41. Rf1+ Ke7 42. Ra1 Kd7 43. g4 Rc3 44. h4 Kc6 45. g5 hxg5 46. hxg5 Kd5 47.
Rg1 Rc4 48. Ra1 Kxd4 0-1

[Event "*** Titled Tuesday 3|2 Blitz (Early)"]
[Site "Chess.com"]
[Date "2016.12.06"]
[Round "4"]
[White "ZivkovicN"]
[Black "SCIM"]
[Result "1/2-1/2"]
[WhiteElo "2414"]
[BlackElo "2290"]
[TimeControl "180+2"]
[EndTime "11:49:32 PST"]
[Termination "Game drawn by repetition"]

1. e4 c5 2. Nf3 e6 3. c3 Nf6 4. d3 Nc6 5. Nbd2 d6 6. Be2 Be7 7. O-O O-O 8. Re1 Bd7 9. Bf1 Qc7 10. a3 Rac8 11. b4 cxb4 12. cxb4 Ne5 13. Nxe5 dxe5 14.
Bb2 Bb5 15. Nc4 Bxc4 16. dxc4 a5 17. Qb3 axb4 18. axb4 Qb6 19. Bc3 Rfd8 20. Rab1 Ng4 21. c5 Qc7 22. h3 Nf6 23. Qb2 Nd7 24. Bb5 Bf6 25. Red1 Nb8 26. Ra1 Nc6 27. Bxc6 bxc6 28. Rxd8+ Rxd8 29. Qe2 h6 30. Ra6 Qd7 31. g3 Rb8 32.
Kg2 Kh7 33. h4 Rb5 34. Ra8 Qb7 35. Qa2 Qd7 36. Qa7 Qd3 37. Qxf7 Qxe4+ 38. Kh2 Qe2 39.
Kg1 Qd1+ 40. Kg2 Qd5+ 41. Kh2 Qf3 42. Be1 Rxb4 43. h5 Rh4+ 44. gxh4 Qf4+ 45. Kg2 Qg4+ 46. Kf1 Qc4+ 47. Kg1 Qg4+ 48. Kh2 Qxh4+ 49. Kg2 Qg4+ 50. Kh1 Qh3+ 51. Kg1 Qg4+ 52. Kf1 Qc4+ 53. Kg2 Qg4+ 54. Kh1 Qh3+ 55. Kg1 Qg4+ 56. Kf1 Qc4+ 57. Kg1 Qg4+ 58. Kh1 Qh3+ 59. Kg1 Qg4+ 60. Kh2 Qh4+ 61. Kg2 Qg4+ 62. Kf1 Qc4+ 1/2-1/2

[Event "*** Titled Tuesday 3|2 Blitz (Early)"]
[Site "Chess.com"]
[Date "2016.12.06"]
[Round "4"]
[White "LPSupi"]
[Black "LawrenceTrent"]
[Result "1-0"]
[WhiteElo "2603"]
[BlackElo "2437"]
[TimeControl "180+2"]
[EndTime "11:49:37 PST"]
[Termination "LPSupi won by resignation"]

1. d4 Nf6 2. Nf3 g6 3. Bg5 Bg7 4. Nbd2 O-O 5. c3 d6 6. e4 c5 7. dxc5 dxc5 8. Be2 Qc7 9. O-O Nc6 10. Re1 b6 11.
Qc2 Bb7 12. Bf1 Rad8 13. h3 h6 14. Be3 Nh5 15. Nc4 Kh7 16. a4 Qb8 17. a5 Bc8 18. axb6 axb6 19. Qb3 b5 20. Na5 Ne5 21. Nxe5 Bxe5 22.
Nc6 Bh2+ 23. Kh1 Qd6 24. Nxd8 Rxd8 25. Qxf7+ Ng7 26. Rad1 Qxd1 27. Rxd1 Rxd1 28. Kxh2 Rxf1 29. Qxe7 Rd1 30. Bxc5 Rd7 31. Qe5 Rf7 32. Bd4 Bd7 33.
f3 g5 34. Qb8 Ne8 35. Be5 h5 36. Qd8 Kg6 37. Bd4 g4 38. fxg4 hxg4 39. h4 g3+ 40. Kxg3 Kh7 41. Be5 Ng7 42. Kh2 Ne8 43. Kg1 Bc6 44.
Qg5 Ng7 45. Bxg7 Rxg7 46. Qf5+ Rg6 47. h5 1-0

[Event "*** Titled Tuesday 3|2 Blitz (Early)"]
[Site "Chess.com"]
[Date "2016.12.06"]
[Round "4"]
[White "poummba"]
[Black "micfel"]
[Result "1/2-1/2"]
[WhiteElo "2392"]
[BlackElo "2284"]
[TimeControl "180+2"]
[EndTime "11:49:46 PST"]
[Termination "Game drawn - insufficient material"]

1. e4 e5 2. Nf3 Nf6 3. Nc3 d6 4.
d4 exd4 5. Nxd4 Be7 6. g3 O-O 7. Bg2 Re8 8. O-O Bf8 9. h3 c6 10. g4 d5 11. exd5 Nxd5 12. Nxd5 cxd5 13. Be3 Nc6 14.
Nxc6 bxc6 15. c4 Be6 16. cxd5 Bxd5 17. Bxd5 cxd5 18. Qd2 Qh4 19. Kg2 Qf6 20. Rfd1 Red8 21.
Bg5 Qg6 22. Bxd8 Rxd8 23. Qd4 h5 24. Rac1 Be7 25. Rc7 Bf6 26. Qd3 Qg5 27. Qf5 Qxf5 28. gxf5 Bxb2 29. Rxa7 d4 30. Rd3 Bc3 31. a4 Rd5 32.
Rb7 Ra5 33. f6 gxf6 34. Rg3+ Kf8 35. Rb5 Rxa4 36. Rxh5 Ra2 37. Rf5 Ke7 38. Rgf3 Ra6 39.
h4 Bd2 40. Rd5 Bc3 41. h5 Kf8 42. h6 Kg8 43. Rdf5 Kh7 44. Rxf6 Rxf6 45. Rxf6 d3 46.
Rxf7+ Kxh6 47. Rd7 d2 48. Rd5 Kg6 49. Kf3 Kf6 50. Ke4 Ke6 51. f4 Bb4 52. Rd3 Kf6 53.
Ke3 Kf5 54. Rd5+ Ke6 55. Re5+ Kf6 56. Ke2 Bd6 57. Re4 Kf5 58. Rd4 Bxf4 59. Rxf4+ Kxf4 60. Kxd2 1/2-1/2

[Event "*** Titled Tuesday 3|2 Blitz (Early)"]
[Site "Chess.com"]
[Date "2016.12.06"]
[Round "4"]
[White "Mornar1951"]
[Black "Cecile_Haussernot"]
[Result "1-0"]
[WhiteElo "2592"]
[BlackElo "2259"]
[TimeControl "180+2"]
[EndTime "11:49:49 PST"]
[Termination "Mornar1951 won by resignation"]

1. Nf3 c5 2. c4 Nc6 3. d4 cxd4 4.
Nxd4 e6 5. Nc3 Nf6 6. Bf4 Bc5 7. Ndb5 O-O 8. Bd6 Qb6 9. Bxc5 Qxc5 10. e3 a6 11. Nd6 b5 12. cxb5 axb5 13. Bxb5 Nd5 14. Bxc6 Nxc3 15. Qf3 dxc6 16. Nxc8 Nd5 17. e4 Qb4+ 18.
Kf1 Nf6 19. e5 Qb5+ 20. Qe2 Rfxc8 21. exf6 gxf6 22. h4 Rcb8 23. Qxb5 Rxb5 24. Rh3 Rxb2 25. a3 Rd8 26. Rg3+ Kf8 27. Rf3 f5 28. Rc1 Ke7 29. g3 Rd6 30. Rc4 Ra2 31. Kg2 h5 32. Ra4 Rdd2 33.
Rc4 Kd6 34. Ra4 Kd5 35. Ra7 Kc4 36. Rxf7 c5 37. Re7 Re2 38. Rh7 Kb5 39. Rxh5 c4 40.
Rh8 Kc5 41. h5 Kd4 42. h6 Ke5 43. h7 c3 44. Rc8 c2 45. h8=Q+ Ke4 46. Rf4+ 1-0